 Dungeon Crawl Stone Soup version 0.18-a0-1164-g7046a04 (console) character file.

1913 FIQ the Apprentice (level 8, -10/74 HPs)
             Began as a Deep Dwarf Artificer on Jan 25, 2016.
             Was an Initiate of Pakellas.
             Impaled on a porcupine's spines (11 damage)
             ... on level 8 of the Dungeon.
             The game lasted 00:20:57 (6553 turns).

FIQ the Apprentice (Deep Dwarf Artificer)           Turns: 6553, Time: 00:20:57

Health: -10/74     AC: 17    Str: 16    XL:     8   Next: 95%
Magic:  2/14       EV:  6    Int: 16    God:    Pakellas [......]
Gold:   319        SH:  0    Dex: 15    Spells: 0 memorised, 7 levels left

rFire  + . .     SeeInvis .     A - +2 mace (protect)
rCold  . . .     Gourm    .     z - +0 plate armour
rNeg   . . .     Faith    .     (no shield)
rPois  .         Spirit   .     (no helmet)
rElec  .         Dismiss  .     (no cloak)
rCorr  .         Reflect  .     x - +0 pair of gloves
SustAt .         Harm     .     k - +0 pair of boots
MR     +....                    (no amulet)
Stlth  ..........               u - +4 ring of intelligence
                                y - ring of protection from fire

@: non-regenerating, somewhat resistant to hostile enchantments, extremely
unstealthy
A: damage resistance, recharge devices, sense surroundings 1, slow regeneration
3
a: Device Recharging, Renounce Religion


You were on level 8 of the Dungeon.
You worshipped Pakellas.
Pakellas was noncommittal.
You were near starving.

You visited 2 branches of the dungeon, and saw 9 of its levels.

You collected 319 gold pieces.

Inventory:

Hand Weapons
 a - a +0 short sword
 q - a +0 flail of draining
 w - a +1 war axe
 A - a +2 mace of protection (weapon)
Armour
 k - a +0 pair of boots (worn)
 x - a +0 pair of gloves (worn)
 z - a +0 plate armour (worn)
Jewellery
 u - a +4 ring of intelligence (right hand)
 y - a ring of protection from fire (left hand)
Wands
 c - a wand of flame (0/48)
 d - a wand of enslavement (14/24)
 e - a wand of random effects (0/48)
 f - a wand of heal wounds (0/9)
 n - a wand of polymorph (5/24)
 s - a wand of flame (0/48)
Scrolls
 h - 2 scrolls of teleportation
 j - 7 scrolls of identify
 r - a scroll of enchant weapon
 t - 3 scrolls of remove curse
Potions
 i - a potion of magic
 p - a potion of cure mutation
 B - 3 potions of resistance
Comestibles
 b - 3 slices of pizza
 g - 11 bread rations
 o - a beef jerky
 v - 3 meat rations


   Skills:
 + Level 5.3 Fighting
 - Level 0.8 Short Blades
 + Level 5.5 Axes
 + Level 6.6 Dodging
 - Level 4.1 Stealth
 + Level 8.2 Evocations


You had 7 spell levels left.
You didn't know any spells.

Dungeon Overview and Level Annotations

Branches:
Dungeon (8/15)             Temple (1/1) D:4
   Lair: D:8-11

Altars:
Ashenzari
Cheibriados
Dithmenos
Elyvilon
Fedhas
Gozag
Kikubaaqudgha
Okawaru
Pakellas
Qazlal
Ru
Sif Muna
Trog
Vehumet
Xom
Yredelemnul
Zin
The Shining One

Shops:
D:7 %


Innate Abilities, Weirdness & Mutations

You are resistant to damage.
You can recharge devices by infusing magical energy.
You passively map a small area around you.
You do not regenerate naturally.


Message History

Okay, then.
You closely miss the porcupine.
The porcupine is moderately wounded.
The porcupine bites you but does no damage. x2
You closely miss the porcupine.
The porcupine is moderately wounded.
The porcupine bites you.
* * * LOW HITPOINT WARNING * * *
You closely miss the porcupine.
The porcupine is moderately wounded.
The porcupine barely misses you.
The porcupine bites you but does no damage.
You hit the porcupine.
The porcupine is heavily wounded.
The porcupine barely misses you.
Your plate armour prevents you from hitting the porcupine.
The porcupine is heavily wounded.
The porcupine bites you but does no damage. x2
You are struck by the porcupine's spines.
You die...

#..........# # #.##
########.#.......# #.##.##
#..$...)....o....# #......
#.#####[##..##.#.# ####.##
#.#####)##.......# #.#
#.##....o..###.#### #.#
#.##.##.###.......######.#
#.......# #(...#.........#
#.....).# #.......########
#.......###....##.#
#.##..)..r@.(..##.# *
#.#####.###.......# * ...
.# ####.#### , ##.. .#
#...# *#. * * #...# , *
#...# * , #...# * * #..(#
* #...# ** * ,,..... , , *
* , ,, * , ,,


You could see a porcupine.

Vanquished Creatures
  Joseph (D:7)
  A spriggan (D:7)
  An orc warrior (D:7)
  An ice beast (D:7)
  A centaur (D:5)
  2 ogres
  The ghost of zoolka the Sneak, an amateur OpAs (D:3)
  A giant frog (D:6)
  A scorpion (D:5)
  A crimson imp (D:4)
  3 giant frog zombies
  A quasit (D:6)
  2 orc priests
  3 hounds
  2 giant frog skeletons
  3 orc wizards
  3 iguanas
  2 worker ants
  2 hound skeletons (D:6)
  4 gnolls
  6 adders
  3 oozes (D:1)
  An adder skeleton (D:5)
  2 worms
  4 giant geckos
  19 orcs
  7 bats
  14 giant cockroaches
  5 goblins
  6 hobgoblins
  2 quokkas
  A ball python (D:2)
  A giant gecko skeleton (D:7)
  7 giant newts
  A jackal skeleton (D:6)
  9 kobolds
  3 quokka skeletons
  14 rats
141 creatures vanquished.

Vanquished Creatures (collateral kills)
  An orc (D:8)
1 creature vanquished.

Grand Total: 142 creatures vanquished

Notes
Turn   | Place    | Note
--------------------------------------------------------------
     0 | D:1      | FIQ the Deep Dwarf Artificer began the quest for the Orb.
     0 | D:1      | Reached XP level 1. HP: 16/16 MP: 3/3
     1 | D:1      | Found a runed door.
    66 | D:1      | Reached skill level 1 in Fighting
    93 | D:1      | Found a glowing golden altar of the Shining One.
   157 | D:1      | Reached XP level 2. HP: 1/25 MP: 5/5
   631 | D:1      | Reached XP level 3. HP: 29/31 MP: 6/6
   780 | D:1      | Reached XP level 4. HP: 18/39 MP: 7/7
   861 | D:2      | Reached skill level 5 in Evocations
  1066 | D:2      | Found a glowing golden altar of the Shining One.
  1071 | D:2      | Found a basalt altar of Yredelemnul.
  1073 | D:2      | Noticed a profane servitor
  1093 | D:2      | Noticed an angel
  1523 | D:3      | Noticed zoolka's ghost (amateur OpAs)
  1569 | D:3      | Killed zoolka's ghost
  1569 | D:3      | Reached XP level 5. HP: 13/46 MP: 7/9
  1986 | D:3      | Found a shattered altar of Ashenzari.
  2113 | D:3      | Found a snail-covered altar of Cheibriados.
  2117 | D:3      | Found a glowing silver altar of Zin.
  2183 | D:4      | Reached XP level 6. HP: 26/55 MP: 10/10
  2284 | D:4      | Found an ancient bone altar of Kikubaaqudgha.
  2374 | D:4      | Reached skill level 1 in Axes
  2560 | D:4      | Found a staircase to the Ecumenical Temple.
  2718 | Temple   | Entered the Ecumenical Temple
  3006 | Temple   | Became a worshipper of Pakellas the Inventive
  3470 | D:5      | Entered Level 5 of the Dungeon
  3654 | D:5      | Reached skill level 6 in Evocations
  3654 | D:5      | Reached XP level 7. HP: 23/62 MP: 11/11
  3949 | D:5      | Reached * piety under Pakellas
  4409 | D:6      | Reached skill level 5 in Dodging
  4962 | D:6      | Reached XP level 8. HP: 37/72 MP: 13/13
  4986 | D:6      | Gained mutation: You occasionally shout uncontrollably at your foes. [potion of mutation]
  4986 | D:6      | Gained mutation: Your flesh is cold resistant. [potion of mutation]
  4986 | D:6      | Gained mutation: Your spells are a little harder to cast, but a little more powerful. [potion of mutation]
  4987 | D:6      | Lost mutation: Your spells are a little harder to cast, but a little more powerful. [potion of cure mutation]
  4987 | D:6      | Lost mutation: Your flesh is cold resistant. [potion of cure mutation]
  4987 | D:6      | Lost mutation: You occasionally shout uncontrollably at your foes. [potion of cure mutation]
  5035 | D:7      | Found a shadowy altar of Dithmenos.
  5059 | D:7      | Reached skill level 7 in Evocations
  5250 | D:7      | HP: 1/73 [orc warrior/trident (13)]
  5300 | D:7      | Found Qeacuynn's Food Boutique.
  5487 | D:7      | Reached skill level 5 in Axes
  5714 | D:7      | Noticed Joseph
  5723 | D:7      | Killed Joseph
  5723 | D:7      | Reached skill level 5 in Fighting
  5723 | D:7      | Reached skill level 8 in Evocations
  6462 | D:8      | HP: 2/74 [orc warrior/dire flail (14)]
  6549 | D:8      | HP: 1/74 [porcupine (2)]
  6553 | D:8      | Impaled on a porcupine's spines

Vault maps used:
D:1:      dpeg_arrival_caged_fury, tso_metal_star
D:2:      grunt_temple_overflow_holy_war
D:3:      minitemple, serial_bayou_ford_a, ashenzari_altar_1
D:4:      kennysheep_little_box, temple_doors_b, first_bread
D:7:      nicolae_dithmenos_the_darkroom, serial_shops, nicolae_shop_waterfront,
          the_bakery, uniq_joseph
Temple:   triangle_lava_temple_12

Action                   |  1- 3 |  4- 6 |  7- 9 || total
-------------------------+-------+-------+-------++-------
Melee: Short sword       |   193 |    18 |       ||   211
       Flail             |       |   122 |       ||   122
       War axe           |       |    67 |   218 ||   285
       Mace              |       |       |    55 ||    55
Invok: Quick Charge      |       |       |     8 ||     8
Evoke: Wand              |     3 |    28 |    43 ||    74
  Use: Potion            |       |     7 |    12 ||    19
       Scroll            |       |     2 |    10 ||    12
 Stab: Sleeping          |     2 |     3 |       ||     5
  Eat: Chunk             |       |     9 |    10 ||    19
